[Event "Titled Tuesday Blitz April 4 Early 2023"]
[White "Kukreja, Sankalp"]
[Black "hsd2016"]
[WhiteFideId "45027676"]
[WhiteElo "2126"]
[BlackElo "2038"]
[Result "1-0"]
[Round "05"]
[TimeControl "180+2"]
[Date "2023.04.04"]
[WhiteClock "0:00:07"]
[BlackClock "0:00:11"]

1. e4 e5 2. Nf3 Nc6 3. Bb5 a6 4. Ba4 Nf6 5. O-O Be7 6. Re1 b5 7. Bb3 O-O 8. c3 d5 9. exd5 Nxd5 10. d4 exd4 11. Nxd4 Nxd4 12. Qxd4 c6 13. Nd2 Bf6 14. Qc5 Bb7 15. Nf3 Re8 16. Bd2 Qd7 17. Rad1 Be7 18. Qd4 c5 19. Qe4 c4 20. Bc2 Nf6 21. Qh4 Bxf3 22. gxf3 Qc6 23. Bg5 h6 24. Bxh6 gxh6 25. Qxh6 Qxf3 26. Re3 Qxe3 27. fxe3 Rad8 28. Rf1 Rd6 29. Qg5+ Kf8 30. Qh6+ Kg8 31. Rf3 Bf8 32. Rg3+ Ng4 33. Rxg4+ Rg6 34. Bxg6 fxg6 35. Qxg6+ Bg7 36. Qxg7# 1-0


[Site "https://www.chess.com"]

[Event "Titled Tuesday Blitz April 4 Early 2023"]
[White "Jimenez Jimenez, Leandro"]
[Black "Maluco_do_Natal_00"]
[WhiteFideId "6415253"]
[WhiteElo "2263"]
[BlackElo "2003"]
[Result "1-0"]
[Round "05"]
[TimeControl "180+2"]
[Date "2023.04.04"]
[WhiteClock "0:00:18"]
[BlackClock "0:00:02"]

1. d4 d5 2. c4 c6 3. cxd5 cxd5 4. Nc3 Nf6 5. Nf3 Nc6 6. Bf4 a6 7. Rc1 Bf5 8. a3 Rc8 9. e3 e6 10. Qb3 Na5 11. Qa4+ Nc6 12. Ne5 Be7 13. Nxc6 bxc6 14. Bxa6 Ra8 15. Qxc6+ Nd7 16. Bb5 Ra7 17. O-O O-O 18. Rfd1 Nf6 19. h3 Qa5 20. Bd3 Ne4 21. Nxe4 dxe4 22. Bf1 h6 23. Bd6 Ra6 24. Bb4 Rxc6 25. Bxa5 Rxc1 26. Rxc1 Rb8 27. b4 e5 28. dxe5 Be6 29. Rc7 Bf8 30. Bc4 Bxc4 31. Rxc4 Rb5 32. Rxe4 g5 33. g4 Kg7 34. e6 1-0


[Site "https://www.chess.com"]

[Event "Titled Tuesday Blitz April 4 Early 2023"]
[White "Vivas Zamora, Fabian Ernesto"]
[Black "Ward, Ieuan C"]
[WhiteFideId "3902480"]
[BlackFideId "406627"]
[WhiteElo "2262"]
[BlackElo "2310"]
[Result "1-0"]
[Round "05"]
[TimeControl "180+2"]
[Date "2023.04.04"]
[WhiteClock "0:00:09"]
[BlackClock "0:00:14"]

1. e4 c5 2. Nf3 d6 3. d4 cxd4 4. Nxd4 Nf6 5. Nc3 a6 6. h3 g6 7. Be3 Bg7 8. g4 Nc6 9. Bg2 Bd7 10. O-O Nxd4 11. Bxd4 O-O 12. f4 Bc6 13. Nd5 Nxd5 14. exd5 Bb5 15. Re1 Rc8 16. a4 Bd7 17. Bxg7 Kxg7 18. Qd4+ Kg8 19. c4 b5 20. axb5 axb5 21. cxb5 Bxb5 22. Ra7 Rc7 23. Qb6 Rxa7 24. Qxa7 Re8 25. Qb7 Qd7 26. Qxd7 Bxd7 27. b4 Kf8 28. Bf1 Rb8 29. b5 Ke8 30. Kf2 Kd8 31. Ke3 Rb7 32. Rb1 Kc7 33. Kd4 Kb6 34. Re1 Bxb5 35. Rb1 Ka5 36. f5 Rb6 37. Ra1+ Ba4 38. Bc4 Rb2 39. Kc3 Rh2 40. Re1 Rxh3+ 41. Kd4 Rg3 42. Rxe7 Rxg4+ 43. Kc3 Kb6 44. f6 h5 45. Rxf7 Rf4 46. Rf8 h4 47. f7 Kb7 48. Bd3 h3 49. Bxg6 h2 50. Rh8 Rf3+ 51. Kb4 Rf4+ 52. Kc3 Rf3+ 53. Kd4 Rf4+ 54. Ke3 Rf6 55. Rxh2 Bb3 56. Rh8 Bxd5 57. f8=Q Rxf8 58. Rxf8 Kc6 59. Kd4 Be6 60. Be4+ Kc7 61. Rf6 Bd7 62. Rg6 Kd8 63. Rh6 Ke7 64. Bd5 Be6 65. Rxe6+ Kd7 66. Rh6 Ke7 67. Rh7+ Kf6 68. Rd7 Kg5 69. Rxd6 Kg4 70. Re6 Kg3 71. Re4 1-0


[Site "https://www.chess.com"]

[Event "Titled Tuesday Blitz April 4 Early 2023"]
[White "Tagliata"]
[Black "Legenia, Artem"]
[BlackFideId "14136945"]
[WhiteElo "2282"]
[BlackElo "1992"]
[Result "1-0"]
[Round "05"]
[TimeControl "180+2"]
[Date "2023.04.04"]
[WhiteClock "0:00:53"]
[BlackClock "0:01:03"]

1. e4 Nf6 2. Nc3 e6 3. e5 Nd5 4. Nxd5 exd5 5. d4 d6 6. Nf3 Nc6 7. exd6 Bxd6 8. Bb5 O-O 9. O-O Ne7 10. c3 c6 11. Bd3 Bf5 12. Qc2 Qd7 13. Bg5 f6 14. Be3 Bxd3 15. Qxd3 Qf5 16. Qxf5 Nxf5 17. Rfe1 Rfe8 18. Bd2 h5 19. g3 Kf7 20. Kf1 g5 21. Rxe8 Rxe8 22. Ne1 g4 23. Nd3 b6 24. Bf4 Bf8 25. a4 c5 26. dxc5 bxc5 27. Rd1 d4 28. c4 a6 29. Bd2 Bd6 30. b4 cxb4 31. Bxb4 Bxb4 32. Nxb4 Rc8 33. Rc1 a5 34. Nd5 Rc6 35. Ke2 h4 36. Kd3 hxg3 37. fxg3 Rc8 38. Rf1 Ne7 39. Rxf6+ Kg7 40. Nxe7 Rh8 41. Rf2 1-0


[Site "https://www.chess.com"]

[Event "Titled Tuesday Blitz April 4 Early 2023"]
[White "Thiel, Thomas"]
[Black "Ansh M Shah"]
[WhiteFideId "4615964"]
[BlackFideId "25033379"]
[WhiteElo "2218"]
[BlackElo "2084"]
[Result "1/2-1/2"]
[Round "05"]
[TimeControl "180+2"]
[Date "2023.04.04"]
[WhiteClock "0:00:55"]
[BlackClock "0:00:14"]

1. e4 c6 2. d4 d5 3. exd5 cxd5 4. c4 Nf6 5. Nc3 Nc6 6. Bg5 dxc4 7. Bxc4 h6 8. Bxf6 exf6 9. Qb3 Qe7+ 10. Nge2 Nxd4 11. Bxf7+ Qxf7 12. Qxf7+ Kxf7 13. Nxd4 Bc5 14. O-O-O Rd8 15. Nce2 Bd7 16. f3 Rac8 17. Kb1 Bb6 18. Ng3 Ba4 19. Nb3 Bxb3 20. axb3 Bc7 21. Ne4 Be5 22. b4 b6 23. Rxd8 Rxd8 24. Kc2 f5 25. Nc3 Rd4 26. b5 Rb4 27. Ra1 Bxc3 28. Rxa7+ Kf6 29. bxc3 Rxb5 30. c4 Rc5 31. Kd3 b5 32. cxb5 Rxb5 33. Ra2 Re5 34. g3 Re1 35. f4 Kg6 36. Re2 Rxe2 37. Kxe2 Kh5 38. Kf3 g6 39. h3 g5 40. g4+ Kg6 41. gxf5+ Kxf5 42. fxg5 Kxg5 43. Kg3 Kh5 44. h4 Kg6 45. Kg4 h5+ 46. Kf4 Kf6 47. Ke4 Ke6 48. Kf4 Kf6 49. Ke4 Ke6 50. Kf4 Kf6 1/2-1/2


[Site "https://www.chess.com"]

[Event "Titled Tuesday Blitz April 4 Early 2023"]
[White "Kujawski, Adam"]
[Black "Levine, David"]
[WhiteFideId "1100920"]
[BlackFideId "2011611"]
[WhiteElo "2054"]
[BlackElo "2088"]
[Result "1/2-1/2"]
[Round "05"]
[TimeControl "180+2"]
[Date "2023.04.04"]
[WhiteClock "0:00:07"]
[BlackClock "0:00:22"]

1. e4 e5 2. Nf3 Nc6 3. Bb5 a6 4. Ba4 Nf6 5. O-O Be7 6. Re1 b5 7. Bb3 d6 8. c3 O-O 9. h3 Bb7 10. d4 Re8 11. Nbd2 Bf8 12. a4 h6 13. Bc2 exd4 14. cxd4 Nb4 15. Bb1 c5 16. d5 c4 17. Ra3 Nd7 18. Nd4 Nc5 19. axb5 axb5 20. Nxb5 Nbd3 21. Re3 Ba6 22. Nd4 Qb6 23. N2f3 Rxe4 24. Bxd3 cxd3 25. Rxe4 Nxe4 26. Be3 Qxb2 27. Qa1 Qxa1+ 28. Rxa1 Bb7 29. Rxa8 Bxa8 30. Kf1 Bxd5 31. Ke1 g6 32. g3 Bg7 33. Nd2 Nc3 34. N2b3 Ne4 35. Nd2 Kf8 36. Nxe4 Bxe4 37. Kd2 g5 38. f3 Bg6 39. g4 Ke7 40. Nf5+ Bxf5 41. gxf5 Be5 42. Kxd3 Kf6 43. Ke4 d5+ 44. Kxd5 Kxf5 45. Kc4 Ba1 46. Kd3 Be5 47. Ke2 Ke6 48. Kf2 Kd5 49. Kg2 f5 50. h4 Bf6 51. hxg5 hxg5 52. Kf2 Kc4 53. Ke2 Kc3 54. Bb6 Bd4 55. Bc7 g4 56. fxg4 fxg4 57. Bf4 Kc4 58. Kf1 Kd3 59. Kg2 Ke4 60. Bc7 Be5 61. Bxe5 Kxe5 62. Kg3 Kf5 63. Kg2 Ke4 64. Kg3 Kd5 65. Kxg4 1/2-1/2


[Site "https://www.chess.com"]

[Event "Titled Tuesday Blitz April 4 Early 2023"]
[White "Vaglio Munoz, Jaime"]
[Black "Mikhaylova, Irina"]
[WhiteFideId "6500145"]
[BlackFideId "4109040"]
[WhiteElo "2199"]
[BlackElo "1975"]
[Result "0-1"]
[Round "05"]
[TimeControl "180+2"]
[Date "2023.04.04"]
[WhiteClock "0:00:14"]
[BlackClock "0:00:16"]

1. Nf3 Nf6 2. b4 g6 3. Bb2 Bg7 4. g3 O-O 5. Bg2 d5 6. O-O c6 7. a3 Bf5 8. d3 Qd7 9. Re1 Qc8 10. Nbd2 Rd8 11. Qc1 Bg4 12. e4 dxe4 13. dxe4 Nbd7 14. c4 Bxf3 15. Nxf3 Ne8 16. e5 Nc7 17. Ng5 Nf8 18. Qf4 Qf5 19. Qxf5 gxf5 20. f4 Nfe6 21. Nf3 a5 22. bxa5 Rxa5 23. Bc3 Ra6 24. Bb4 Bf8 25. Nh4 Ng7 26. Rad1 Raa8 27. Bh3 e6 28. Bd6 Bxd6 29. exd6 Nce8 30. c5 Rxa3 31. Rc1 Nf6 32. Re2 Ra5 33. Bg2 Nd7 34. Rec2 Ne8 35. Nf3 Nef6 36. Ne5 Ne4 37. Bxe4 fxe4 38. Kf2 f6 39. Ng4 Kf7 40. Ke3 Rda8 41. Rc3 Rb5 42. Nf2 f5 43. g4 Raa5 44. gxf5 exf5 45. Nh3 Rxc5 46. Ng5+ Kf6 47. Rxc5 Rxc5 48. Rg1 h6 49. Nh3 Rc3+ 50. Kd4 Rd3+ 51. Kc4 Rxh3 52. Rb1 b5+ 53. Kd4 e3 54. Kd3 c5 55. Rxb5 c4+ 56. Ke2 c3 57. Rb7 Ke6 58. Rc7 Kxd6 59. Rxc3 Nc5 60. Rc4 Kd5 61. Rc1 Ne4 62. Rd1+ Kc4 63. Rc1+ Nc3+ 64. Kf1 Rxh2 65. Kg1 Rd2 66. Re1 Rd1 67. Rxd1 Nxd1 68. Kf1 Kd3 69. Ke1 Nc3 70. Kf1 Kd2 71. Kg2 e2 72. Kh3 e1=Q 73. Kg2 Qe2+ 74. Kh3 Qe3+ 75. Kh4 Qxf4+ 76. Kh3 Qf3+ 77. Kh4 Qg4# 0-1


[Site "https://www.chess.com"]

[Event "Titled Tuesday Blitz April 4 Early 2023"]
[White "Pein, Jonathan"]
[Black "rionelG"]
[WhiteFideId "417092"]
[WhiteElo "2151"]
[BlackElo "2195"]
[Result "1-0"]
[Round "05"]
[TimeControl "180+2"]
[Date "2023.04.04"]
[WhiteClock "0:00:04"]
[BlackClock "0:00:01"]

1. e4 c5 2. Nf3 d6 3. d4 cxd4 4. Nxd4 Nf6 5. Nc3 a6 6. g3 e5 7. Nde2 Be7 8. Bg2 Be6 9. O-O Nbd7 10. a4 Qc7 11. Nd5 Bxd5 12. exd5 Rc8 13. c3 O-O 14. a5 b5 15. axb6 Qxb6 16. Qa4 Nc5 17. Qa5 Rb8 18. b4 Nb3 19. Qxb6 Rxb6 20. Be3 Nxa1 21. Bxb6 Nc2 22. Rc1 Na3 23. Ra1 Nc4 24. Rxa6 Nxb6 25. Rxb6 Ra8 26. Bf1 Nxd5 27. Rb7 Bg5 28. c4 Nf6 29. h4 Bd2 30. b5 Bb4 31. b6 Bc5 32. Nc3 h5 33. Nb5 Ra6 34. Rb8+ Kh7 35. b7 Rb6 36. Bg2 d5 37. Rc8 Rxb7 38. Rxc5 e4 39. cxd5 g6 40. Nd6 Re7 41. Nc4 Kg7 42. d6 Rd7 43. Rc7 Rd8 44. Kf1 Ne8 45. Re7 Nxd6 46. Nxd6 Rxd6 47. Bxe4 Rd1+ 48. Kg2 Rd6 49. Bc2 Rb6 50. Re3 f5 51. Kf3 Kh6 52. Bb3 Rb4 53. Ke2 Rd4 54. Bc2 Rb4 55. Rc3 f4 56. Kf3 fxg3 57. fxg3 Rd4 58. Rc6 1-0


[Site "https://www.chess.com"]

[Event "Titled Tuesday Blitz April 4 Early 2023"]
[White "Sankalan Shah"]
[Black "Yanayt, Eugene"]
[WhiteFideId "25600362"]
[BlackFideId "2020165"]
[WhiteElo "2118"]
[BlackElo "2083"]
[Result "0-1"]
[Round "05"]
[TimeControl "180+2"]
[Date "2023.04.04"]
[WhiteClock "0:00:31"]
[BlackClock "0:00:18"]

1. d4 Nf6 2. c4 g6 3. Nc3 Bg7 4. e4 d6 5. h3 O-O 6. Be3 Na6 7. Nf3 e5 8. d5 Nc5 9. Nd2 a5 10. g4 a4 11. f3 c6 12. h4 cxd5 13. cxd5 Qa5 14. Nc4 Qd8 15. h5 Ra6 16. Qd2 Bd7 17. Bxc5 dxc5 18. Nxe5 Ra8 19. Nxd7 Nxd7 20. Be2 a3 21. b3 f5 22. hxg6 hxg6 23. gxf5 gxf5 24. Bc4 Ne5 25. Be2 fxe4 26. fxe4 Nf3+ 27. Bxf3 Rxf3 28. Rc1 Qf6 29. Ne2 Rf8 30. Kd1 Qg6 31. Rc4 Qg2 32. Rg1 Rf1+ 33. Rxf1 Rxf1+ 34. Kc2 Rf2 35. Kd3 Rf3+ 36. Kc2 b6 37. e5 Rf2 38. Kd3 Qh3+ 39. Qe3 Rf3 40. Re4 Bh6 0-1


[Site "https://www.chess.com"]

[Event "Titled Tuesday Blitz April 4 Early 2023"]
[White "Itkis, Boris"]
[Black "Ciuffoletti, Paolo"]
[WhiteFideId "1209167"]
[BlackFideId "807630"]
[WhiteElo "2216"]
[BlackElo "2143"]
[Result "0-1"]
[Round "05"]
[TimeControl "180+2"]
[Date "2023.04.04"]
[WhiteClock "0:00:07"]
[BlackClock "0:00:07"]

1. d4 d5 2. c4 c6 3. Nf3 Nf6 4. g3 Bg4 5. Bg2 Nbd7 6. O-O e6 7. Nc3 Bd6 8. Qc2 O-O 9. b3 Re8 10. e4 dxe4 11. Nxe4 Bf5 12. Nxf6+ Nxf6 13. Qe2 c5 14. Bb2 Qe7 15. h3 h6 16. Ne5 cxd4 17. Bxd4 Red8 18. Rfd1 Rac8 19. Bc3 Bc5 20. Kh2 Bb6 21. f4 Rxd1 22. Rxd1 Rd8 23. Rxd8+ Bxd8 24. Nd3 Bxd3 25. Qxd3 Bb6 26. Qf3 Qc7 27. Qxb7 Qc5 28. Qf3 Qg1# 0-1


[Site "https://www.chess.com"]

[Event "Titled Tuesday Blitz April 4 Early 2023"]
[White "Hrabinska, Myroslava"]
[Black "Dahlgren, James Allen"]
[WhiteFideId "14109190"]
[BlackFideId "22256873"]
[WhiteElo "2039"]
[BlackElo "2188"]
[Result "0-1"]
[Round "05"]
[TimeControl "180+2"]
[Date "2023.04.04"]
[WhiteClock "0:00:01"]
[BlackClock "0:00:06"]

1. e4 e6 2. Nf3 d5 3. e5 c5 4. b4 cxb4 5. a3 bxa3 6. d4 f6 7. Bd3 Nc6 8. c3 fxe5 9. dxe5 Be7 10. Nxa3 Bd7 11. O-O a6 12. Nc2 Qc7 13. Qe2 Nh6 14. Bxh6 gxh6 15. Ncd4 O-O 16. Nxc6 Bxc6 17. Nd4 Bd7 18. Qe3 Rf7 19. f4 Raf8 20. Qh3 Rxf4 21. Rxf4 Rxf4 22. Qxh6 Rf7 23. Qe3 Bc5 24. Rd1 Be8 25. Kh1 Qe7 26. Qg3+ Rg7 27. Qh3 Bd7 28. Rf1 Qg5 29. Nf3 Qe3 30. Rd1 Qf2 31. Bb1 Ba4 32. Rc1 Bd7 33. Rd1 Be3 0-1


[Site "https://www.chess.com"]

[Event "Titled Tuesday Blitz April 4 Early 2023"]
[White "Estremera Panos, Sergio"]
[Black "Kiseleva, Arina"]
[WhiteFideId "2200864"]
[BlackFideId "4164989"]
[WhiteElo "2253"]
[BlackElo "1708"]
[Result "0-1"]
[Round "05"]
[TimeControl "180+2"]
[Date "2023.04.04"]
[WhiteClock "0:00:15"]
[BlackClock "0:00:04"]

1. d4 Nf6 2. c4 e6 3. Nc3 Bb4 4. e3 O-O 5. Bd3 Re8 6. Nf3 d5 7. cxd5 exd5 8. Bd2 Nc6 9. O-O Bg4 10. h3 Bh5 11. g4 Bg6 12. Qc2 Ne4 13. Nh2 Qh4 14. Kg2 Bd6 15. Bxe4 Bxe4+ 16. Nxe4 dxe4 17. f4 exf3+ 18. Rxf3 Nxd4 19. Qd1 Nxf3 20. Qxf3 Bxh2 21. Kxh2 Rad8 22. Bc3 Rd3 23. Rf1 f6 24. Bd4 b6 25. Qd5+ Kh8 26. Rg1 Rd2+ 27. Rg2 Rxg2+ 28. Kxg2 c5 29. Qf7 Rg8 30. Bc3 Qg5 31. Kf3 Qg6 32. Qxa7 h5 33. Qxb6 hxg4+ 34. hxg4 c4 35. Qc5 Qf7 36. Qh5+ Qxh5 37. gxh5 Ra8 38. a3 Kh7 39. Ke4 Kh6 40. Kd4 Rc8 41. Bb4 Kxh5 42. Bc5 g5 43. Kxc4 g4 44. Kd4 g3 45. Bd6 g2 46. Bh2 Kh4 47. b4 Kh3 48. Bg1 Rc1 49. Bf2 Rf1 50. b5 Rxf2 51. b6 Rb2 52. a4 g1=Q 53. Kc5 Qc1+ 54. Kd6 Rxb6+ 0-1


[Site "https://www.chess.com"]

[Event "Titled Tuesday Blitz April 4 Early 2023"]
[White "Vujcic, Milena"]
[Black "Burdalev, Kirill"]
[WhiteFideId "954748"]
[BlackFideId "14121913"]
[WhiteElo "1882"]
[BlackElo "2236"]
[Result "1/2-1/2"]
[Round "05"]
[TimeControl "180+2"]
[Date "2023.04.04"]
[WhiteClock "0:02:32"]
[BlackClock "0:02:08"]

1. e4 c5 2. Nf3 d6 3. d4 cxd4 4. Nxd4 Nf6 5. Nc3 g6 6. Be3 Bg7 7. f3 Nc6 8. Qd2 O-O 9. O-O-O d5 10. Nxc6 bxc6 11. exd5 Nxd5 12. Nxd5 cxd5 13. Qxd5 Qc7 14. Qc5 Qb7 15. Qb5 Qc7 16. Qc5 Qb7 17. Qb5 Qc7 18. Qc5 1/2-1/2


[Site "https://www.chess.com"]

[Event "Titled Tuesday Blitz April 4 Early 2023"]
[White "Simonovic, Miroslav"]
[Black "dDobravcan"]
[WhiteFideId "919152"]
[WhiteElo "2042"]
[BlackElo "2139"]
[Result "1-0"]
[Round "05"]
[TimeControl "180+2"]
[Date "2023.04.04"]
[WhiteClock "0:00:12"]
[BlackClock "0:00:03"]

1. d4 d6 2. Bg5 h6 3. Bh4 g5 4. Bg3 Bg7 5. e3 c5 6. c3 Nf6 7. dxc5 Ne4 8. cxd6 Nxg3 9. hxg3 O-O 10. dxe7 Qxe7 11. Nf3 Nc6 12. Be2 Rd8 13. Nd4 Ne5 14. Nd2 Bd7 15. Qc2 Qf6 16. Ne4 Qb6 17. Qb3 Qc7 18. Nb5 Qc6 19. Nbd6 Be6 20. Qxb7 Rxd6 21. Nxd6 Qxd6 22. Qxa8+ Kh7 23. Rd1 Qb6 24. Qe4+ f5 25. Qb4 Qc7 26. O-O Bg8 27. Qd6 Qf7 28. b3 f4 29. exf4 gxf4 30. gxf4 Qxf4 31. g3 Qg5 32. Kg2 Kh8 33. Rh1 Ng6 34. Rh5 1-0


[Site "https://www.chess.com"]

[Event "Titled Tuesday Blitz April 4 Early 2023"]
[White "Floresvillar Gonzalez, Luis Migu"]
[Black "Tuleyeva-Aketayeva, Dana"]
[WhiteFideId "5100542"]
[BlackFideId "13701932"]
[WhiteElo "2040"]
[BlackElo "2030"]
[Result "1/2-1/2"]
[Round "05"]
[TimeControl "180+2"]
[Date "2023.04.04"]
[WhiteClock "0:00:10"]
[BlackClock "0:00:06"]

1. e4 c5 2. d4 cxd4 3. c3 d3 4. Bxd3 Nc6 5. f4 d6 6. Nf3 g6 7. h3 Bg7 8. Be3 Nf6 9. Nbd2 O-O 10. Qe2 b6 11. g4 Bb7 12. g5 Nd7 13. h4 Nc5 14. Bc2 d5 15. O-O-O e6 16. f5 Ba6 17. Qf2 exf5 18. Bxc5 bxc5 19. exf5 gxf5 20. Qxc5 Qb6 21. Qxb6 axb6 22. Bxf5 Be2 23. Rde1 Bxf3 24. Nxf3 Rxa2 25. h5 Ra1+ 26. Bb1 d4 27. h6 Bh8 28. cxd4 Nxd4 29. Nxd4 Bxd4 30. Kc2 Rc8+ 31. Kb3 Ra5 32. Bd3 Rxg5 33. Re4 Bf6 34. Rf4 Be5 35. Rf5 Rxf5 36. Bxf5 Rd8 37. Rg1+ Kh8 38. Re1 Bf6 39. Rf1 Bg5 40. Bc2 Bxh6 41. Rxf7 Bg7 42. Bf5 Rf8 43. Rxf8+ Bxf8 44. Kc4 Kg7 45. Kb5 Bc5 46. b4 Be3 47. Kc4 h5 48. Kd3 Bg1 49. Ke2 Kf6 50. Bd7 Kg5 51. b5 Bc5 52. Kf1 Kf4 53. Kg2 h4 54. Kh3 Be7 55. Bc6 Ke3 56. Bd7 Kf2 57. Bc6 Bf6 58. Bd7 Ke3 59. Bc6 Kd4 60. Bd7 Kc5 61. Bc6 Kd6 62. Be8 Ke7 63. Bc6 Kd8 64. Bd5 Kd7 65. Bc6+ Ke7 66. Bd5 Kd6 67. Bc6 Ke6 68. Be8 Be7 69. Bc6 Kd6 70. Be4 Bd8 71. Bc6 Bf6 72. Be8 Ke7 73. Bc6 Kd6 1/2-1/2


[Site "https://www.chess.com"]

[Event "Titled Tuesday Blitz April 4 Early 2023"]
[White "Torres Hernandez, Leslie Carolin"]
[Black "Slayyy_200"]
[WhiteFideId "8400504"]
[WhiteElo "1920"]
[BlackElo "2089"]
[Result "1-0"]
[Round "05"]
[TimeControl "180+2"]
[Date "2023.04.04"]
[WhiteClock "0:01:47"]
[BlackClock "0:00:07"]

1. e4 c5 2. Nf3 Nc6 3. Bb5 d6 4. O-O Bd7 5. c3 a6 6. Be2 g6 7. d4 cxd4 8. cxd4 Bg7 9. Nc3 Nf6 10. h3 O-O 11. Bf4 Re8 12. e5 Nh5 13. Bh2 dxe5 14. dxe5 f5 15. Ng5 e6 16. Bxh5 Qxg5 17. Bxg6 Qxg6 18. Qxd7 Bxe5 19. Qxb7 Bxh2+ 20. Kxh2 Ne5 21. Qc7 Nf7 22. Rfe1 Kh8 23. Rad1 Rg8 24. g3 Rac8 25. Qf4 e5 26. Qh4 f4 27. Rd7 fxg3+ 28. fxg3 Rc4 29. Re4 Rxe4 30. Nxe4 Qc6 31. Qf6+ Qxf6 32. Nxf6 Rg7 33. Re7 Ng5 34. Re8+ 1-0


[Site "https://www.chess.com"]

[Event "Titled Tuesday Blitz April 4 Early 2023"]
[White "Hartikainen, Jarmo"]
[Black "EdmundPlayer"]
[WhiteFideId "503134"]
[WhiteElo "2072"]
[BlackElo "2232"]
[Result "0-1"]
[Round "05"]
[TimeControl "180+2"]
[Date "2023.04.04"]
[WhiteClock "0:00:02"]
[BlackClock "0:00:03"]

1. e4 e5 2. Nf3 Nc6 3. Bc4 Bc5 4. c3 Nf6 5. d4 exd4 6. b4 Bb6 7. e5 d5 8. exf6 dxc4 9. Qe2+ Be6 10. b5 Nb8 11. fxg7 Rg8 12. Bg5 Qd5 13. Bf6 d3 14. Qe5 Nd7 15. Qxd5 Bxd5 16. Bd4 Bxf3 17. gxf3 Bxd4 18. cxd4 Rxg7 19. Nd2 a6 20. bxa6 Rxa6 21. Nxc4 Ra4 22. Nb2 Rxd4 23. Kd2 Rg6 24. Rae1+ Kd8 25. Rhg1 c5 26. Rxg6 hxg6 27. Re3 c4 28. Kc3 Rd5 29. Nxc4 b5 30. Nb2 b4+ 31. Kd2 Rh5 32. Rxd3 Rxh2 33. Ke3 Ke7 34. Nc4 f5 35. Rb3 Ke6 36. Rxb4 Nc5 37. Rb6+ Kd5 38. a4 Kxc4 39. a5 Rh1 40. Rxg6 Ra1 41. Kf4 Rxa5 42. Kxf5 Nd3+ 43. Kg4 Nxf2+ 44. Kg3 Nd3 45. Rg4+ Kc3 46. f4 Kd2 47. Rg5 Ra3 48. Kg4 Ke3 49. f5 Ra4+ 50. Kh5 Ne5 51. f6 Re4 52. Rg3+ Kf4 53. Rg8 Re1 54. Kh6 Rh1+ 55. Kg7 Kf5 56. f7 Rg1+ 57. Kf8 Rc1 58. Rg2 Ke6 59. Kg8 Nxf7 60. Re2+ Ne5 0-1


[Site "https://www.chess.com"]

[Event "Titled Tuesday Blitz April 4 Early 2023"]
[White "Sanchez, Robert"]
[Black "Vemparala, Nikash"]
[WhiteFideId "2034360"]
[BlackFideId "30960967"]
[WhiteElo "2038"]
[BlackElo "2023"]
[Result "0-1"]
[Round "05"]
[TimeControl "180+2"]
[Date "2023.04.04"]
[WhiteClock "0:00:20"]
[BlackClock "0:00:23"]

1. e4 e5 2. Nf3 Nc6 3. Bb5 Bc5 4. c3 Nf6 5. d4 Bb6 6. O-O O-O 7. Bg5 d6 8. Bxc6 bxc6 9. dxe5 dxe5 10. Qxd8 Rxd8 11. Nxe5 Re8 12. Bxf6 gxf6 13. Nxc6 Rxe4 14. Nd2 Re2 15. Nc4 Ba6 16. b3 Bxc4 17. bxc4 Rc2 18. a4 Rxc3 19. Rfc1 Rxc1+ 20. Rxc1 Re8 21. Kf1 Bc5 22. Re1 Rxe1+ 23. Kxe1 Kf8 24. Ke2 Ke8 25. Na5 Kd7 26. Nb3 Bb4 27. f4 a5 28. f5 Kd6 29. Kf3 Ke5 30. g4 c5 31. Ke3 h6 32. h3 Bc3 33. Kf3 Bb4 34. h4 Bc3 35. Nxc5 Kd4 36. Ne4 Kxc4 37. Nxc3 Kxc3 38. Ke4 Kb4 39. Kd4 Kxa4 40. Kc3 Kb5 0-1


[Site "https://www.chess.com"]

[Event "Titled Tuesday Blitz April 4 Early 2023"]
[White "Grabinsky, Vladimir"]
[Black "Singgih, Diajeng Theresa"]
[WhiteFideId "14107074"]
[BlackFideId "7104391"]
[WhiteElo "2027"]
[BlackElo "1891"]
[Result "1-0"]
[Round "05"]
[TimeControl "180+2"]
[Date "2023.04.04"]
[WhiteClock "0:01:33"]
[BlackClock "0:01:34"]

1. e4 e5 2. Nf3 Nc6 3. d4 exd4 4. c3 dxc3 5. Nxc3 Bb4 6. Bc4 d6 7. O-O Nf6 8. Nd5 Nxd5 9. exd5 Ne5 10. Qa4+ Bd7 11. Qxb4 Nxf3+ 12. gxf3 O-O 13. Kh1 Qf6 14. Qc3 Qh4 15. Rg1 f6 16. Rg3 Rae8 17. Be3 Re5 18. Rag1 g6 19. Bd3 Rxd5 20. Bc4 1-0


[Site "https://www.chess.com"]

[Event "Titled Tuesday Blitz April 4 Early 2023"]
[White "Alekseenko, Kirill"]
[Black "Mamedov, Rauf"]
[WhiteFideId "4135539"]
[BlackFideId "13401653"]
[WhiteElo "2683"]
[BlackElo "2635"]
[Result "1-0"]
[Round "06"]
[TimeControl "180+2"]
[Date "2023.04.04"]
[WhiteClock "0:00:18"]
[BlackClock "0:00:04"]

1. d4 Nf6 2. Nc3 d5 3. Bf4 g6 4. e3 Bg7 5. h4 h5 6. Nf3 Bg4 7. Be2 Bxf3 8. Bxf3 c6 9. Qe2 Nbd7 10. O-O-O b5 11. Qd3 Qa5 12. Kb1 O-O 13. Rdg1 b4 14. Ne2 c5 15. g4 c4 16. Qd1 hxg4 17. Bxg4 Nxg4 18. Rxg4 Nf6 19. Rg2 b3 20. cxb3 cxb3 21. Qxb3 Ne4 22. Ka1 Rfc8 23. f3 Nd2 24. Qd3 Nc4 25. h5 e5 26. hxg6 Qb6 27. gxf7+ Kf8 28. Nc3 exf4 29. Qh7 Qf6 30. Qg8+ Ke7 31. Nxd5+ Kd6 32. Nxf6 Bxf6 33. Qg6 1-0


[Site "https://www.chess.com"]

[Event "Titled Tuesday Blitz April 4 Early 2023"]
[White "Firouzja, Alireza"]
[Black "Indjic, Aleksandar"]
[WhiteFideId "12573981"]
[BlackFideId "911925"]
[WhiteElo "2904"]
[BlackElo "2614"]
[Result "1-0"]
[Round "06"]
[TimeControl "180+2"]
[Date "2023.04.04"]
[WhiteClock "0:00:11"]
[BlackClock "0:00:09"]

1. d4 Nf6 2. c4 e6 3. g3 c5 4. d5 exd5 5. cxd5 d6 6. Nc3 g6 7. Bg2 Bg7 8. Nf3 O-O 9. O-O Re8 10. Nd2 a6 11. a4 Nbd7 12. h3 Rb8 13. a5 b5 14. axb6 Nxb6 15. Ra3 h5 16. Qc2 a5 17. Re1 Bf5 18. e4 Bd7 19. Rd1 a4 20. Ra2 Qc8 21. Kh2 Qd8 22. Nf3 Qe7 23. Bg5 Qf8 24. Nd2 Nh7 25. Be3 h4 26. g4 f5 27. gxf5 gxf5 28. f4 fxe4 29. Ndxe4 Bf5 30. Qf2 Nc4 31. Bc1 Nf6 32. Ng5 Rb4 33. Rxa4 Qe7 34. Ra6 Ne3 35. Bxe3 Qxe3 36. Qxe3 Rxe3 37. Rf1 Rxb2 38. Nd1 Rxg2+ 39. Kxg2 Rg3+ 40. Kh2 Nxd5 41. Rxd6 Nb4 42. Rd8+ Bf8 43. Rg1 c4 44. Rxg3 hxg3+ 45. Kxg3 Kg7 46. Ne3 Bd3 47. Rc8 Bd6 48. Nxc4 Bxc4 49. Rxc4 Nd5 50. Kf3 Ne7 51. Ne4 Bb8 52. Rb4 Bxf4 53. Rb7 1-0


[Site "https://www.chess.com"]

[Event "Titled Tuesday Blitz April 4 Early 2023"]
[White "Korobov, Anton"]
[Black "Narayanan, Srinath"]
[WhiteFideId "14105730"]
[BlackFideId "5018420"]
[WhiteElo "2638"]
[BlackElo "2438"]
[Result "1/2-1/2"]
[Round "06"]
[TimeControl "180+2"]
[Date "2023.04.04"]
[WhiteClock "0:00:17"]
[BlackClock "0:00:06"]

1. c4 e5 2. d3 Nf6 3. Nf3 Nc6 4. a3 d5 5. cxd5 Nxd5 6. e3 Bd6 7. b4 a6 8. Bb2 O-O 9. Nbd2 Kh8 10. Be2 f5 11. O-O Qf6 12. Rc1 Bd7 13. Nc4 Rae8 14. d4 exd4 15. Nxd4 Qh6 16. Nxd6 Qxd6 17. Nxc6 Bxc6 18. Qd4 Re7 19. Bf3 Rd8 20. Rfd1 Red7 21. Qh4 Qg6 22. Qg3 Qxg3 23. hxg3 Ne7 24. Be2 Ba4 25. Rxd7 Rxd7 26. Kf1 Bb5 27. Ke1 Bxe2 28. Kxe2 Kg8 29. Rc5 g6 30. a4 Kf7 31. b5 axb5 32. axb5 Ke6 33. Re5+ Kf7 34. Rc5 Ke6 35. Rc4 c6 36. bxc6 Nxc6 37. g4 Kd5 38. Rf4 fxg4 39. Rxg4 b5 40. e4+ Ke6 41. Rg5 b4 42. Rb5 Ra7 43. Ke3 Ra2 44. Bg7 Ra3+ 45. Kf4 Ra2 46. Kg3 Ra5 47. Rb6 Kd7 48. Rb7+ Kc8 49. Rf7 b3 50. Rf3 Rb5 51. Bb2 h5 52. Kf4 Na5 53. Rg3 Kd7 54. Rxg6 Nc4 55. Bg7 b2 56. Bxb2 Rxb2 57. f3 Ke7 58. Rg5 h4 59. Rg4 Nd6 1/2-1/2


[Site "https://www.chess.com"]